[Event "Late-Titled-Tuesday-Blitz-June-25-2024"]
[Site "Chess.com"]
[Date "2024.06.25"]
[Round "6"]
[White "mishanick"]
[Black "Arystanner"]
[Result "0-1"]
[WhiteElo "3144"]
[BlackElo "2830"]
[TimeControl "180+1"]
[EndTime "15:05:46 PDT"]
[Termination "Arystanner won on time"]

1. d4 d5 2. c4 e6 3. Nc3 Nf6 4.
cxd5 exd5 5. Bg5 c6 6. e3 Bd6 7. Bd3 O-O 8. Nf3 Be6 9. O-O Nbd7 10. h3 Re8 11. Bf4 Qb8 12. Bxd6 Qxd6 13. Qc2 g6 14. b4 a5 15. b5 c5 16. dxc5 Nxc5 17. Nd4 Bd7 18. Nce2 Rac8 19. Rac1 Nfe4 20. Rfd1 Qf6 21.
Nf4 Nxd3 22. Qxd3 Rxc1 23. Rxc1 g5 24. f3 gxf4 25. fxe4 dxe4 26. Qf1 f3 27. Kh2 Qe5+ 28. Kh1 Qg3 29. gxf3 exf3 30. Qg1 Qxg1+ 31. Kxg1 Rxe3 32. Rc7 Bxh3 33. Kf2 Ra3 34. Nxf3 Rxa2+ 35. Kg3 Bg2 36. Rxb7 Bxf3 37. Kxf3 a4 38. b6 a3 39. Ra7 Rb2 40. b7 Kg7 41. Rxa3 Rxb7 42. Kg3 Kg6 43. Ra6+ f6 44. Ra8 Rb3+ 45. Kf4 Rb4+ 46. Kg3 h5 47. Rg8+ Kf5 48. Rh8 Rb3+ 49. Kh4 Kf4 50. Ra8 f5 51. Ra4+ Kf3 52. Kg5 Kg3 53. Kxf5 Rb5+ 54. Ke4 h4 55. Ra3+ Kg4 56. Ra1 h3 57. Ke3 Rb2 58. Rg1+ Kh4 59. Kf4 h2 60. Rg8 Kh3 61. Rg3+ Kh4 62. Rg8 Rb4+ 63.
Ke3 Kh3 0-1

[Event "Late-Titled-Tuesday-Blitz-June-25-2024"]
[Site "Chess.com"]
[Date "2024.06.25"]
[Round "6"]
[White "LastGladiator1"]
[Black "NikitaShnadrygin"]
[Result "0-1"]
[WhiteElo "2970"]
[BlackElo "2752"]
[TimeControl "180+1"]
[EndTime "15:05:47 PDT"]
[Termination "NikitaShnadrygin won by resignation"]

1. e4 c5 2. Nf3 e6 3. c3 Nf6 4. d3 Nc6 5. Nbd2 d5 6. g3 Be7 7. Bg2 O-O 8. O-O Ne8 9. a4 b6 10. e5 Ba6 11. Qe2 Qd7 12. h4 f5 13. exf6 Bxf6 14.
Bh3 Nc7 15. Re1 Rae8 16. Nf1 Qf7 17. N1h2 e5 18. Qc2 h6 19. Be3 e4 20. dxe4 dxe4 21.
Nd2 Bd3 22. Qb3 c4 23. Qd1 Nd5 24. Ndf1 Be5 25. Ng4 Kh8 26. Qd2 Qg6 27. Nxe5 Nxe5 28. Nh2 Nf3+ 29. Nxf3 Rxf3 30. Bg2 Ref8 31. Bd4 Kh7 32.
Re2 Qg4 33. Rae1 R8f5 34. Re3 Nxe3 35. Bxe3 Rf7 36. Bd4 Qg6 37. Re3 Rxe3 38. Qxe3 Qf5 39. Bh1 g5 40. hxg5 hxg5 41. Bg2 Kh6 42. Bh1 Qg4 43. Bg2 Qd1+ 44. Kh2 Qc2 45. Bh3 Kg6 46. Kg2 Be2 47. Be6 Bf3+ 48. Kf1 Rh7 49. Bf7+ Kxf7 0-1

[Event "Late-Titled-Tuesday-Blitz-June-25-2024"]
[Site "Chess.com"]
[Date "2024.06.25"]
[Round "6"]
[White "igorkovalenko"]
[Black "SaraBlackPanther"]
[Result "1-0"]
[WhiteElo "2998"]
[BlackElo "2740"]
[TimeControl "180+1"]
[EndTime "15:05:48 PDT"]
[Termination "igorkovalenko won on time"]

1. d4 Nf6 2. Bg5 d5 3. e3 c5 4. c3 Qb6 5. Qb3 c4 6. Qxb6 axb6 7. a3 Ne4 8. Bf4 Nc6 9. f3 Nf6 10. Nd2 b5 11. Rc1 h5 12. h4 Bf5 13. Nh3 e6 14.
Nf2 Nd7 15. e4 Bg6 16. Be2 Nb6 17. Bd1 Be7 18. Bg3 Kd7 19. Nh3 f6 20. Nf4 Bf7 21. exd5 exd5 22. Bc2 Bd6 23. Kf2 Kc7 24. Nf1 g5 25.
Ne2 Na4 26. Bxa4 bxa4 27. Ne3 Rae8 28. Rce1 Ne7 29. Bxd6+ Kxd6 30. Ng3 Bg6 31. Rh2 f5 32. Ne2 f4 33. Nf1 Bd3 34. hxg5 Ng6 35. Nc1 Rxe1 36. Kxe1 Re8+ 37. Kf2 h4 38. Rh1 Ke6 39. Nh2 Kf5 40.
Rd1 Bc2 41. Rd2 Bb1 42. Ne2 Kxg5 43. Ng1 Bf5 44. Rd1 Re6 45. Rd2 Nf8 46. Nh3+ Bxh3 47. gxh3 Nd7 48. Kf1 Nf6 49. Rg2+ Kf5 50. Ng4 Nh5 51.
Ne5 Ng3+ 52. Ke1 Re8 53. Kd1 Re6 54. Rg1 Re8 55. Re1 Re6 56. Nd7 Rxe1+ 57. Kxe1 b5 58. Nc5 Kf6 59. Na6 1-0

[Event "Late-Titled-Tuesday-Blitz-June-25-2024"]
[Site "Chess.com"]
[Date "2024.06.25"]
[Round "6"]
[White "vova-79"]
[Black "Bkmzzzzz"]
[Result "1-0"]
[WhiteElo "2592"]
[BlackElo "2397"]
[TimeControl "180+1"]
[EndTime "15:05:48 PDT"]
[Termination "vova-79 won on time"]

1. d4 d5 2. c4 dxc4 3. e3 Nf6 4. Bxc4 e6 5. Nf3 c5 6. O-O a6 7. dxc5 Bxc5 8. Qxd8+ Kxd8 9. Ne5 Ke7 10. Be2 Nbd7 11.
Nc4 b6 12. Nbd2 Bb7 13. Nb3 Rac8 14. Nxc5 Rxc5 15. b3 Rg5 16. e4 Rg6 17. Ba3+ Kd8 18. Nd6 Bxe4 19. Nxf7+ Kc7 20. f3 Re8 21. Rac1+ Bc6 22.
Bxa6 Nc5 23. Ne5 Nxa6 24. Rxc6+ Kb7 25. Rfc1 Rg5 26. Bb2 Nd5 27. Kf2 Rf5 28. Rd6 Re7 29.
Nc6 Rc7 30. Nd4 Rff7 31. Rxc7+ Rxc7 32. Rxe6 Rd7 33. Nb5 Ndb4 34. Bd4 Nc2 35. Bxb6 Rd2+ 36. Kg3 Nab4 37. Be3 Nxe3 38. Rxe3 Nxa2 39. Nd4 Rxd4 40. Re7+ Kc6 41. Rxg7 h6 42. Rg6+ Rd6 43. Rxd6+ Kxd6 44. Kh4 Nc1 45. b4 Nd3 46. b5 Kc5 47. Kh5 Kxb5 48. Kxh6 Kc6 49. Kg7 Kd7 50. h4 Ke6 51. h5 Ne5 52. h6 1-0

[Event "Late-Titled-Tuesday-Blitz-June-25-2024"]
[Site "Chess.com"]
[Date "2024.06.25"]
[Round "6"]
[White "Azeryahu"]
[Black "MaestroCheck"]
[Result "1/2-1/2"]
[WhiteElo "2859"]
[BlackElo "2648"]
[TimeControl "180+1"]
[EndTime "15:05:52 PDT"]
[Termination "Game drawn by repetition"]

1. e4 c5 2. Nf3 e6 3. c4 Nc6 4. d4 cxd4 5. Nxd4 Nf6 6. Nc3 Bb4 7. Nxc6 bxc6 8. Bd3 e5 9. O-O O-O 10. Be3 d6 11. h3 Bxc3 12. bxc3 c5 13. Qa4 Bd7 14. Qa3 Bc6 15. f3 Qc7 16. Rfd1 Nd7 17. Bf1 Nb6 18. Rd2 Rfd8 19. Rad1 Rd7 20. h4 h6 21. g3 Rdd8 22. Rf2 a5 23. Rb2 Bd7 24. Rdb1 Ra6 25.
Qb3 Be6 26. Qc2 Nxc4 27. Rb7 Qc6 28. Bc1 Rb6 29. R7xb6 Nxb6 30. Bb5 Qc7 31. c4 Ra8 32. a4 Nd7 33. Bd2 Nb8 34. Kf2 Nc6 35. Bxc6 Qxc6 36. Rb5 Bd7 37. Rxa5 Rxa5 38. Bxa5 Qxa4 39. Qxa4 Bxa4 40.
Bc7 Bb3 41. Bxd6 Bxc4 42. Bxe5 Be6 43. Bd6 c4 44. Ke3 f5 45. exf5 Bxf5 46. g4 Be6 47. h5 c3 48. Be5 c2 49. Bb2 Bd5 50. f4 Be6 51. f5 Bc4 52. Kf4 Be2 53. Bc1 Kh7 54. Bb2 Bd1 55. Bc1 Be2 56. Bb2 Bc4 57. Bc1 Bb3 58. Bb2 Ba2 59. Bc1 Bb1 60. Bb2 Ba2 61.
Bc1 Bc4 62. Bb2 Be2 63. Bc1 Bd1 64. Bb2 Be2 65. f6 gxf6 66. Bc1 Kg7 67. Bd2 Bd3 68. Bc1 Bh7 69. Bd2 Kf7 70. Bc1 Bd3 71. Bd2 Be2 72.
Bc1 Bd1 73. Bd2 Kg7 74. Bc1 Be2 75. Bd2 Bd3 76. Bc1 f5 77. g5 hxg5+ 78. Kxg5 Kh7 79. h6 Be4 80. Kh4 f4 81. Bxf4 c1=Q 82. Bxc1 Bc2 83. Kg3 Bb1 84. Kf2 Bg6 85. Ke1 Bh5 86. Bb2 Bg6 87. Bc3 Bh5 88. Bd4 Bg6 89. Be5 Bh5 90. Bf6 Bg6 91. Bg7 Bf7 92. Kf2 Bg6 93. Kg3 Bf7 94. Kf4 Bg8 95. Ke5 Ba2 96. Kf6 Bg8 97. Ke7 Ba2 98. Kd6 Bg8 99. Ke5 Ba2 100.
Kf6 Bg8 101. Ke5 1/2-1/2

[Event "Late-Titled-Tuesday-Blitz-June-25-2024"]
[Site "Chess.com"]
[Date "2024.06.25"]
[Round "6"]
[White "malakismayil"]
[Black "bubeliang"]
[Result "0-1"]
[WhiteElo "2560"]
[BlackElo "2790"]
[TimeControl "180+1"]
[EndTime "15:05:52 PDT"]
[Termination "bubeliang won by resignation"]

1. e4 c6 2. d4 d5 3. Nc3 dxe4 4. Nxe4 Nf6 5. Nxf6+ exf6 6. c3 Bd6 7. Bd3 O-O 8.
Ne2 Re8 9. Qc2 h5 10. Be3 Nd7 11. O-O-O Nf8 12. h3 Be6 13. Kb1 b5 14. g4 Bd5 15.
Rhg1 Bh2 16. Rge1 h4 17. Nf4 Bxf4 18. Bxf4 Qd7 19. Bf5 Be6 20. Be4 a5 21. Qd3 a4 22.
a3 Bb3 23. Rc1 Bd5 24. Bf5 Ne6 25. Bd2 g6 26. Be4 Bxe4 27. Qxe4 Nc5 28. Qc2 Nb3 29.
Rcd1 Qd5 30. Be3 Qf3 31. Rh1 Na5 32. Qd3 Nc4 33. Rde1 Re4 34. Qe2 Qxe2 35. Rxe2 Rae8 36. Rhe1 f5 37. gxf5 gxf5 38. Rg1+ Kh7 39. Rc2 f4 40. Bc1 Rg8 41. Rh1 f3 42. Ka2 Rg2 43. b3 axb3+ 44. Kxb3 Re2 45. Rxe2 fxe2 46. Be3 f5 47. Re1 f4 48.
Bxf4 Rxf2 49. Bg5 Rh2 50. Bxh4 Kg6 51. Kc2 Kf5 52. Kd3 Rxh3+ 53. Kxe2 Rxh4 54. Rf1+ Ke6 55. Kd3 Rh3+ 56. Ke2 Rxc3 57. Rh1 Rxa3 58. Rh6+ Kd5 0-1

[Event "Late-Titled-Tuesday-Blitz-June-25-2024"]
[Site "Chess.com"]
[Date "2024.06.25"]
[Round "6"]
[White "Dedic8"]
[Black "dennisodessa"]
[Result "1-0"]
[WhiteElo "2940"]
[BlackElo "2667"]
[TimeControl "180+1"]
[EndTime "15:05:54 PDT"]
[Termination "Dedic8 won on time"]

1. d4 Nf6 2. c4 e6 3. Nc3 Bb4 4. e3 b6 5. Ne2 Bb7 6. a3 Bd6 7.
Ng3 O-O 8. f3 Qe7 9. Bd3 a5 10. e4 Bxg3+ 11. hxg3 e5 12. d5 Na6 13. g4 Nc5 14. Bc2 d6 15. Bg5 Ncd7 16. Ne2 h6 17.
Bh4 Qe8 18. Ng3 Nh7 19. Nf5 Bc8 20. Be7 Nc5 21. Bxf8 Qxf8 22. Qd2 Bxf5 23. gxf5 a4 24. O-O-O Rb8 25. Qe2 Qe8 26. Kb1 Nf6 27. Ka2 Nfd7 28. Bd3 f6 29. Qe3 Qc8 30. Be2 Nb3 31. Rh2 Nd4 32.
Rxd4 exd4 33. Qxd4 Nc5 34. Rh1 Qe8 35. Re1 Qe5 36. Qxe5 dxe5 37. Bd1 Kf8 38. Kb1 Ke7 39.
Kc2 Ra8 40. Kc3 Ra7 41. Bc2 Ra8 42. Rh1 Ra7 43. Kb4 Ra8 44. Rh3 Ra7 45. Rg3 Kf7 46. Kb5 Nb7 47. Bxa4 Nd6+ 48. Kb4 Nxc4 49. b3 Nd6 50.
Bc6 Kf8 51. a4 Nc8 52. Rh3 Ne7 53. Bb5 1-0

[Event "Late-Titled-Tuesday-Blitz-June-25-2024"]
[Site "Chess.com"]
[Date "2024.06.25"]
[Round "6"]
[White "Bykov_Egor"]
[Black "ReinisUz"]
[Result "1-0"]
[WhiteElo "2622"]
[BlackElo "2452"]
[TimeControl "180+1"]
[EndTime "15:05:54 PDT"]
[Termination "Bykov_Egor won on time"]

1. Nf3 c5 2. e3 Nc6 3. d4 cxd4 4. exd4 d5 5. Bb5 Nf6 6. O-O Bg4 7. h3 Bh5 8. g4 Bg6 9. Ne5 Qc7 10. Bf4 Qb6 11.
c4 e6 12. Nc3 dxc4 13. Nxc4 Qd8 14. Qa4 Be7 15. Bxc6+ bxc6 16. Qxc6+ Kf8 17. Rad1 Rc8 18. Qa4 h5 19. g5 Nd5 20. Nxd5 exd5 21. Ne5 Bc2 22.
Qxa7 Bxd1 23. Rxd1 h4 24. Rd3 Kg8 25. g6 fxg6 26.
Nxg6 Bf6 27. Nxh8 Kxh8 28. Qf7 Rc2 29. Re3 Rc8 30. Re6 Bxd4 31. Be5 Bxe5 32. Rxe5 Rc6 33. Rxd5 Rc1+ 34. Kg2 Qa8 35. Qf3 Kg8 36. a3 Rc2 37. b4 Ra2 38. Rd3 Qe8 39. Qd5+ Kh8 40. Qxa2 Qg6+ 41. Rg3 hxg3 42. fxg3 Qe4+ 43. Kh2 g5 44.
Qb2+ Kh7 45. b5 g4 46. h4 Qd3 47. b6 Qf1 48. Qg2 Qb1 49. b7 Kh6 50. a4 Qb4 51.
a5 Kh5 52. a6 Qb6 53. Qd2 1-0

[Event "Late-Titled-Tuesday-Blitz-June-25-2024"]
[Site "Chess.com"]
[Date "2024.06.25"]
[Round "6"]
[White "King_Deded4d5"]
[Black "simaopdias"]
[Result "0-1"]
[WhiteElo "2462"]
[BlackElo "2245"]
[TimeControl "180+1"]
[EndTime "15:05:55 PDT"]
[Termination "simaopdias won by resignation"]

1. e4 c5 2. Nf3 g6 3. d4 cxd4 4. Nxd4 Nc6 5. c4 Bg7 6. Be3 Nf6 7. Nc3 O-O 8. f3 d6 9. Qd2 Nxd4 10. Bxd4 Nd7 11. Bxg7 Kxg7 12. Be2 a5 13. O-O Qb6+ 14. Kh1 Nc5 15. Nd5 Qd8 16. Rfd1 Be6 17. Rac1 Rc8 18.
Qc3+ Kg8 19. b4 axb4 20. Qxb4 Bxd5 21. cxd5 Ra8 22. a3 Qa5 23. Qxa5 Rxa5 24. Rc3 Rfa8 25.
Ra1 Ra4 26. h3 Kg7 27. Bb5 Rd4 28. Rc4 Rd2 29. a4 Ra5 30. Rb4 Kf6 31. Kg1 Ke5 32. g3 h5 33. f4+ Kf6 34. Re1 Ra2 35. e5+ Kg7 36. exd6 exd6 37. Reb1 Kf6 38. Be8 Ke7 39. Bb5 Kf6 40. Be8 Rd2 41. Bb5 Rxd5 42. Bc4 Rd4 43. Bb5 Rd2 44. R4b2 Rd4 45. Rb4 Rd5 46. Bc4 Rd2 47.
Bb5 Ra8 48. R4b2 Rd4 49. Rb4 Rd5 50. R4b2 Rd4 51. Rb4 Rxb4 52. Rxb4 Rc8 53. Kf2 Rc7 54. Rd4 Kg7 55. g4 hxg4 56. hxg4 Re7 57. Kf3 Re6 58. f5 gxf5 59. gxf5 Rf6 60. Kf4 Ne6+ 61. Ke4 Nxd4 62. Kxd4 Rxf5 63. Bd3 Rc5 0-1

[Event "Late-Titled-Tuesday-Blitz-June-25-2024"]
[Site "Chess.com"]
[Date "2024.06.25"]
[Round "6"]
[White "Chaubunagungamaug1"]
[Black "RandomNoob04"]
[Result "1-0"]
[WhiteElo "2585"]
[BlackElo "2793"]
[TimeControl "180+1"]
[EndTime "15:05:58 PDT"]
[Termination "Chaubunagungamaug1 won on time"]

1. d4 Nf6 2. c4 c5 3. d5 b5 4. Qc2 bxc4 5. e4 e6 6. Bxc4 exd5 7.
exd5 d6 8. Nc3 Be7 9. Nf3 O-O 10. O-O Nbd7 11. b3 Nb6 12. h3 Re8 13. Bf4 h6 14.
Rfe1 Bf8 15. Rxe8 Nxe8 16. Re1 Nc7 17. Qd3 Qf6 18. Bg3 Bf5 19. Qd2 Re8 20. Rxe8 Nxe8 21.
Bh4 Qg6 22. Kh2 Nc7 23. Bg3 Nxc4 24. bxc4 Bd3 25. Nh4 Qh7 26. Qb2 g5 27. Nf3 Qf5 28. Qb7 Ne8 29. Qxa7 Bxc4 30. Qa8 Nf6 31. Bxd6 Nd7 32.
Bxf8 Nxf8 33. d6 Qf4+ 34. Kg1 Qxd6 35. Qe4 Be6 36. g3 Qa6 37. Kg2 Bxa2 38. Qf5 Be6 39.
Qxc5 Qa8 40. Qe3 Ng6 41. Ne4 Bd5 42. Nf6+ Kg7 43. Nxd5 Qxd5 44. Qd4+ Qxd4 45. Nxd4 Kf6 46. Nf3 h5 47. Nd2 Kg7 48. Ne4 Kh6 49. Nd6 Kg7 50.
Ne4 f6 51. Nd6 Ne5 52. Nf5+ Kg6 53. Ne3 f5 54. f4 gxf4 55. gxf4 Nd3 56. Kf3 Ne1+ 57.
Ke2 Kf6 58. Kxe1 Ke6 59. Ke2 Kd6 60. Kf3 Kc5 61. Nxf5 Kd5 62. Ng7 1-0

[Event "Late-Titled-Tuesday-Blitz-June-25-2024"]
[Site "Chess.com"]
[Date "2024.06.25"]
[Round "6"]
[White "Cosi43"]
[Black "Slovineanu"]
[Result "1/2-1/2"]
[WhiteElo "2697"]
[BlackElo "2552"]
[TimeControl "180+1"]
[EndTime "15:06:00 PDT"]
[Termination "Game drawn - insufficient material"]

1. e4 c6 2. d4 d5 3. f3 dxe4 4. fxe4 e5 5. Nf3 Be6 6. c3 Nd7 7. Bd3 Bd6 8. O-O Ngf6 9. Bg5 h6 10. Bh4 g5 11. Bg3 Nh5 12. Bxe5 Bxe5 13. Nxe5 Nxe5 14.
Be2 Nf4 15. dxe5 Qb6+ 16. Rf2 Qxb2 17. Nd2 O-O-O 18. Bf1 Qxc3 19. Qc1 Qxc1 20. Rxc1 Rd4 21. g3 Nd3 22. Bxd3 Rxd3 23. Nb3 Rhd8 24. Nc5 Rd1+ 25. Rxd1 Rxd1+ 26. Kg2 Re1 27. Rf6 Bxa2 28. Rxh6 Kc7 29. Kf2 Rc1 30. Nd3 Rc2+ 31. Ke3 Be6 32. h4 gxh4 33. gxh4 Rh2 34. Nf2 a5 35. Kf3 a4 36.
Kg3 a3 37. Rh8 a2 38. Ra8 Rxh4 39. Kxh4 b5 40. Nd3 Kb6 41. Nb4 c5 42. Nxa2 b4 43.
Nc1 c4 44. Kg3 b3 45. Kf2 Kc5 46. Rb8 Kd4 47. Ke2 Kc3 48. Ke3 Kb2 49. Ne2 c3 50. Rb6 c2 51. Kd2 Kb1 52. Nc3+ Kb2 53. Ne2 Kb1 54. Kc3 c1=Q+ 55. Nxc1 Kxc1 56. Rxb3 Bxb3 57. Kxb3 Kd2 58. Kc4 Ke3 59. Kd5 Kf4 60. Kd4 Kf3 61. Kd5 Kf4 62. e6 fxe6+ 63. Kxe6 Kxe4 1/2-1/2

[Event "Late-Titled-Tuesday-Blitz-June-25-2024"]
[Site "Chess.com"]
[Date "2024.06.25"]
[Round "6"]
[White "vanyakuba"]
[Black "Queensandpawns"]
[Result "0-1"]
[WhiteElo "2446"]
[BlackElo "2293"]
[TimeControl "180+1"]
[EndTime "15:06:00 PDT"]
[Termination "Queensandpawns won by resignation"]

1. e4 Nc6 2. Nc3 e6 3. Nf3 Nf6 4. d4 Bb4 5. e5 Nd5 6. Bd2 Nxc3 7.
bxc3 Be7 8. Bd3 f5 9. exf6 Bxf6 10. Qe2 O-O 11. Qe4 g6 12. O-O d6 13. Rfe1 e5 14. Bh6 Re8 15. Bc4+ Kh8 16. dxe5 Bf5 17.
Qf4 dxe5 18. Ng5 Re7 19. Qg3 Qe8 20. Ne4 Bg7 21. Bg5 Na5 22. Bxe7 Qxe7 23. Bd3 c5 24.
Ng5 Bd7 25. Nf3 c4 26. Be4 Rf8 27. Rad1 Bc6 28. Bxc6 Nxc6 29. h4 Qf7 30. Ng5 Qf5 31.
Ne4 h6 32. f3 Kh7 33. Qg4 Qf7 34. Nd6 Qc7 35. Qe4 Rf4 36. Qd5 Qb6+ 37. Kf1 Rxh4 38.
Ke2 Rh2 39. Rg1 Qb2 40. Qe4 Qxc3 41. Qxc4 Nd4+ 42. Rxd4 exd4 43. Qxc3 dxc3 44. Kd3 Rh5 45.
Ne4 Rd5+ 46. Kc4 Ra5 47. Kb3 Ra6 48. Rd1 Rb6+ 49. Kc4 Rb2 50. a4 Rxc2 51. Rd7 g5 52. Nf6+ Kg6 53. Ng4 Rxg2 54. Rd6+ Kh7 55. Rd7 c2 56.
Nf6+ Kg6 0-1

[Event "Late-Titled-Tuesday-Blitz-June-25-2024"]
[Site "Chess.com"]
[Date "2024.06.25"]
[Round "6"]
[White "Onthequiet"]
[Black "konradrutkowski"]
[Result "0-1"]
[WhiteElo "2312"]
[BlackElo "2511"]
[TimeControl "180+1"]
[EndTime "15:06:00 PDT"]
[Termination "konradrutkowski won by checkmate"]

1. d4 d5 2. Nf3 e6 3. c4 h6 4. Nc3 Nf6 5. Bf4 Bd6 6. Bxd6 Qxd6 7.
c5 Qe7 8. e3 O-O 9. b4 c6 10. Be2 Nbd7 11. Ne5 Nxe5 12. dxe5 Nd7 13. f4 b6 14. O-O bxc5 15. bxc5 Qxc5 16. Qd2 Rb8 17.
Rfc1 Qe7 18. e4 f6 19. f5 Nxe5 20. fxe6 Bxe6 21. exd5 cxd5 22. Nxd5 Qd7 23. Rd1 Rfd8 24. Nxf6+ gxf6 25. Qxh6 Qg7 26. Qe3 Bd5 27. Bf1 Bc6 28. h3 Rxd1 29. Rxd1 Rb2 30. Rd8+ Kf7 31. Bc4+ Nxc4 32.
Qxa7+ Rb7 33. Qxb7+ Bxb7 34. Rd7+ Kg6 35. Rxg7+ Kxg7 36. g4 Kg6 37. Kf2 Ne5 38. Kg3 Bd5 39. a4 Bc6 40. a5 Bb5 41. h4 Nc4 42. Kf4 Bd7 43. g5 f5 44. a6 Nb6 45. a7 Kh5 46. Ke5 Bc8 47. Kf6 f4 48. g6 f3 49. g7 f2 50.
g8=Q f1=Q+ 51. Ke7 Qe2+ 52. Kd8 Qd3+ 53. Kc7 Qc3+ 54.
Kxb6 Qb4+ 55. Kc7 Qb7+ 56. Kd8 Qd7# 0-1

[Event "Late-Titled-Tuesday-Blitz-June-25-2024"]
[Site "Chess.com"]
[Date "2024.06.25"]
[Round "6"]
[White "HaryKane"]
[Black "PoAslan"]
[Result "0-1"]
[WhiteElo "2603"]
[BlackElo "2454"]
[TimeControl "180+1"]
[EndTime "15:06:03 PDT"]
[Termination "PoAslan won by resignation"]

1. e4 c5 2. Nf3 e6 3. d4 cxd4 4. Nxd4 Nc6 5. Nb3 Nf6 6. Bd3 a5 7. a4 Bb4+ 8. c3 Be7 9. O-O d5 10. exd5 Nxd5 11. Bc2 O-O 12. Qd3 Nf6 13. Qg3 Bd6 14.
Qh4 Ne5 15. Bg5 Ng6 16. Bxg6 hxg6 17. N1d2 Be7 18. Ne4 Nd5 19. c4 Bxg5 20. Nxg5 Nf6 21. Rad1 Qe7 22. Ne4 e5 23. Rd6 Be6 24. Nbc5 Rad8 25. Nxe6 fxe6 26. c5 Rxd6 27. cxd6 Qd7 28. Nxf6+ gxf6 29. Rd1 Kg7 30. h3 Rc8 31. Qg3 Rc6 32.
Qd3 Rc5 33. h4 Rd5 34. Qe2 Qxd6 35. Rc1 Rc5 36. Rd1 Qc6 37. Qe3 Rd5 38. Rc1 Qxa4 39. Rc7+ Rd7 40. b3 Qa1+ 41. Rc1 Qd4 42. Qg3 Qf4 43. Qc3 Qxh4 44. Qxa5 Qf4 45. Rf1 g5 46.
Qb5 Qd4 47. Rc1 g4 48. g3 Qd5 49. Qb4 f5 50. Qc3 Kf6 51. Qc8 Rd8 52. Qc7 Qd7 53.
Qc5 Rh8 54. Qe3 Qd5 55. Kf1 Rh1+ 56. Ke2 Qf3+ 57. Kd2 Qxe3+ 58. fxe3 Rh2+ 59. Kd3 Rb2 60. Kc4 Rg2 61. Kb5 Rxg3 62. Re1 f4 63. b4 Rxe3 64.
Rg1 g3 65. Kb6 Rb3 66. b5 Kf5 67. Rh1 g2 68. Rg1 f3 0-1

[Event "Late-Titled-Tuesday-Blitz-June-25-2024"]
[Site "Chess.com"]
[Date "2024.06.25"]
[Round "6"]
[White "ATM622"]
[Black "JuliaEfremova"]
[Result "1-0"]
[WhiteElo "2534"]
[BlackElo "2298"]
[TimeControl "180+1"]
[EndTime "15:06:04 PDT"]
[Termination "ATM622 won by resignation"]

1. d4 e5 2. dxe5 d6 3. Nf3 Nc6 4. e4 Bg4 5. Be2 dxe5 6. Nc3 Bxf3 7. Bxf3 Nd4 8. O-O Nf6 9. Bg5 Be7 10. Qd3 c6 11.
Rad1 Qb6 12. Na4 Qa5 13. b3 Rd8 14. c3 Ne6 15. Qe3 b5 16. Rxd8+ Bxd8 17. Nc5 Nxg5 18.
Qxg5 O-O 19. Qxe5 Qxa2 20. c4 bxc4 21. Ra1 Qc2 22. bxc4 Qxc4 23. Rd1 Bb6 24. Nd3 h6 25. Qb2 Rb8 26. Qe2 a5 27. Rc1 Qb5 28. e5 Nd5 29. e6 fxe6 30. Qxe6+ Kh8 31. Qxc6 Qxc6 32. Rxc6 Nb4 33. Nxb4 axb4 34. Bd5 Bd4 35. Bb3 Bc3 36. h3 Rd8 37. Kh2 Be5+ 38. g3 Kh7 39. Kg2 g6 40.
h4 Kg7 41. h5 gxh5 42. Re6 Bc3 43. Rc6 Rd2 44. Rc7+ Kf6 45. Rc6+ Ke5 46. Rxh6 Bd4 47. Rxh5+ Ke4 48. Bd5+ Kd3 49. Rf5 Kc3 50. Bf7 b3 51. Bxb3 Kxb3 52. g4 Kc3 53. Kg3 Bxf2+ 54. Rxf2 Rxf2 55.
Kxf2 Kd4 56. Kg3 Ke5 57. Kh4 Kf6 58. Kh5 Kg7 59. Kg5 1-0

[Event "Late-Titled-Tuesday-Blitz-June-25-2024"]
[Site "Chess.com"]
[Date "2024.06.25"]
[Round "6"]
[White "vi_pranav"]
[Black "legendisback1"]
[Result "0-1"]
[WhiteElo "3047"]
[BlackElo "3037"]
[TimeControl "180+1"]
[EndTime "15:06:06 PDT"]
[Termination "legendisback1 won by checkmate"]

1. Nf3 b6 2. g3 Bb7 3. Bg2 g6 4. O-O Bg7 5. d3 d5 6. Nbd2 Nf6 7. c4 O-O 8. cxd5 Nxd5 9. Nc4 c5 10. Bd2 Nc6 11. a3 Rc8 12. Qb3 Nc7 13. Rac1 Ne6 14. e3 Qd5 15. Nh4 Qd7 16. Rfd1 Ncd4 17.
exd4 Nxd4 18. Qa2 Bxg2 19. Kxg2 Qd5+ 20. f3 g5 21. Bxg5 Qxg5 22. Re1 e6 23. Qb1 Rcd8 24.
Re4 b5 25. Ne3 f5 26. Rxc5 Qe7 27. Rxf5 Nxf5 28. Nhxf5 Qf7 29. Nh4 Rd4 30. Qc2 Qd7 31. Ng4 Rxd3 32. Re2 Rc8 33. Qb1 Rd2 34. Qe4 Rxe2+ 35.
Qxe2 Rd8 36. Nf2 Qd5 37. Ne4 a6 38. Kh3 Qd3 39. Qe1 h6 40. Nf6+ Kf7 41. Ng4 Qd2 42.
Qe4 Qd3 43. Qb7+ Rd7 44. Qc8 Qf1+ 45. Ng2 Re7 46. Ne3 Qxf3 47. Ng4 h5 48. N4e3 Bh6 49. Qc3 Bxe3 50. Nxe3 Rd7 51. Qe5 Ke7 52. Qc5+ Kd8 53. Qb6+ Rc7 54. Qb8+ Kd7 55. Qb6 Qe4 56. a4 bxa4 57. Ng2 Qg4# 0-1

[Event "Late-Titled-Tuesday-Blitz-June-25-2024"]
[Site "Chess.com"]
[Date "2024.06.25"]
[Round "6"]
[White "MaxLeto"]
[Black "GoValya"]
[Result "1-0"]
[WhiteElo "2438"]
[BlackElo "2216"]
[TimeControl "180+1"]
[EndTime "15:06:07 PDT"]
[Termination "MaxLeto won on time"]

1. g4 d5 2. Bg2 c6 3. g5 g6 4. d4 Bg7 5. h4 h5 6. c3 e5 7. dxe5 Bxe5 8. Nf3 Bg7 9. Be3 Ne7 10. Bd4 Bxd4 11. Qxd4 O-O 12. Na3 Nd7 13.
O-O-O b5 14. e4 c5 15. Qe3 b4 16. cxb4 cxb4 17. Nc2 Qa5 18. Kb1 Bb7 19. Nfd4 Nc5 20. e5 b3 21. axb3 Ne4 22. f4 Rfc8 23. f5 Nxf5 24.
Nxf5 gxf5 25. Nd4 Qc5 26. Bh3 a5 27. Bxf5 a4 28. Rc1 Qa5 29. b4 Qxb4 30. Bxc8 Nd2+ 31. Kc2 Nc4 32. Qc3 Qxc3+ 33. bxc3 Bxc8 34. Ra1 a3 35. Kb3 Bd7 36. Kc2 Ba4+ 37. Kd3 Bd7 38. Rhf1 a2 39. Rf2 Nxe5+ 40. Ke3 Ng4+ 41. Kf3 Nxf2 42. Kxf2 Ra3 43. Ne2 Bb5 44. Nf4 Bc4 45. Nxh5 Rxc3 46. Nf6+ Kf8 47.
Nd7+ Ke7 48. Ne5 Rc2+ 49. Ke3 Kd6 50. Nxc4+ dxc4 51. h5 Rh2 52. h6 Rg2 53. Kd4 Rxg5 54. Rxa2 Rh5 55. Kxc4 Ke7 56. Ra6 f6 57. Kd4 Rxh6 58.
Ke4 1-0

[Event "Late-Titled-Tuesday-Blitz-June-25-2024"]
[Site "Chess.com"]
[Date "2024.06.25"]
[Round "6"]
[White "karinachess1"]
[Black "Durarbayli"]
[Result "0-1"]
[WhiteElo "2692"]
[BlackElo "2963"]
[TimeControl "180+1"]
[EndTime "15:06:11 PDT"]
[Termination "Durarbayli won on time"]

1. d4 d5 2. c4 c6 3. Nf3 Nf6 4. g3 Bg4 5. Ne5 Bf5 6. Qb3 Qb6 7. cxd5 Qxb3 8. axb3 Nxd5 9. Bg2 Nb4 10. Ra4 N8a6 11.
e4 Be6 12. Nd2 O-O-O 13. Nef3 g6 14. O-O Bg7 15. Nc4 Bxc4 16. bxc4 Bxd4 17. Nxd4 Rxd4 18. Be3 Rxc4 19. Bxa7 Rd8 20. Be3 Rc2 21. Rb1 b5 22.
Ra3 Kb7 23. Rc3 Rd3 24. Rxd3 Nxd3 25. b3 Nab4 26. Ra1 c5 27. e5+ Kb6 28. Ra8 Nxe5 29. Rb8+ Kc7 30. Rb7+ Kd6 31. Rxb5 Nd5 32. Bh6 f6 33. h4 g5 34. hxg5 Rc1+ 35. Kh2 Ng4+ 36. Kh3 Nxf2+ 37. Kh2 Ng4+ 38. Kh3 Nxh6 39. gxh6 Ne3 40. Rb6+ Ke5 41. Rb7 Nxg2 42. Kxg2 Ke6 43. Rb6+ Kf7 44. Rc6 Rc3 45. Kh3 Kg6 46. Rc7 e6 47. Rc6 e5 48. Kh4 Rxb3 49. Rxc5 Kxh6 50. Kg4 Kg6 51. Rc6 h5+ 52. Kh4 Rb4+ 53. Kh3 Kg5 54. Re6 Rb3 0-1

[Event "Late-Titled-Tuesday-Blitz-June-25-2024"]
[Site "Chess.com"]
[Date "2024.06.25"]
[Round "6"]
[White "rasmussvane"]
[Black "Boundless_Strike"]
[Result "1-0"]
[WhiteElo "2981"]
[BlackElo "2725"]
[TimeControl "180+1"]
[EndTime "15:06:13 PDT"]
[Termination "rasmussvane won by checkmate"]

1. Nf3 d6 2. d4 e5 3. dxe5 Bg4 4. Bf4 Nc6 5. Nc3 Bxf3 6. exf3 dxe5 7. Be3 Bb4 8. Bb5 Ne7 9. O-O Bxc3 10. bxc3 O-O 11.
Qe2 Nd5 12. Bd2 Qf6 13. Rad1 Rad8 14. Qc4 a6 15. Bxc6 Qxc6 16. Qxc6 bxc6 17. c4 Nb6 18. Ba5 Nxc4 19. Bxc7 Rd5 20. f4 e4 21. Rxd5 cxd5 22.
Rd1 Rc8 23. Rxd5 f5 24. Ba5 e3 25. fxe3 Nxe3 26. Re5 Nxc2 27. Rxf5 Nd4 28. Re5 Rc1+ 29. Kf2 Rc2+ 30. Ke3 Nc6 31. Rd5 Rxa2 32. Bc3 Ra3 33. Rc5 Ne7 34. Ke4 Kf7 35. f5 g6 36. g4 gxf5+ 37.
gxf5 Ra4+ 38. Bd4 Rb4 39. Rc7 Ke8 40. f6 Ng6 41. Kd5 Kd8 42. Rxh7 Nf4+ 43. Ke5 Ng6+ 44. Kd5 Nf4+ 45. Ke5 Ng6+ 46. Ke4 a5 47. h4 Ke8 48. h5 Nf8 49. Ra7 Ne6 50. Re7+ Kf8 51. Rxe6 a4 52. Ke5 Rb5+ 53. Kf4 a3 54. Ra6 Rb4 55. Ke5 Rb5+ 56. Ke6 Rb8 57. Bc5+ Kg8 58. f7+ Kh7 59. f8=Q Rxf8 60. Bxf8 a2 61. Rxa2 Kg8 62. Bd6 Kh7 63. Be5 Kg8 64. Kf5 Kh7 65. Ra8 Kh6 66. Rh8# 1-0